AoeStats
← danjo

MegaRandom

504982557Analyzed
1v1 RM · 26d ago on Sep 7, 2026· 59m 32s· 2 players
Game mode
Random Map
Map size
Tiny (2 player)
Population
200
Speed
Normal
Resources
Standard
Victory
Conquest
Starting age
Dark Age
Ending age
Imperial Age
RankedLock teamsTeams togetherTeam positionsShared explorationLock speedFull tech treeHidden civsTurbo modeCheats
Victory
Defeat
🇩🇪 Malians · Germany
1031
+18
🇧🇪 Mongols · Belgium
1084
-18
papatheocari
2:41 Loom
11:19 Feudal Age
12:06 Double-Bit Axe
16:54 Horse Collar
21:10 Castle Age
20:23 Fletching
22:56 Heavy Plow
23:15 Pikeman
27:25 Padded Archer Armor
30:57 Bodkin Arrow
32:58 Ballistics
38:28 Leather Archer Armor
38:30 Elite Skirmisher
45:51 Bloodlines
45:01 Light Cavalry
46:29 Wheelbarrow
47:42 Husbandry
47:53 Scale Barding Armor
47:49 Scale Mail Armor
48:00 Forging
51:02 Imperial Age
48:51 Hand Cart
51:02 Chain Barding Armor
54:02 Capped Ram
58:42 Bracer
danjo
11:42 Feudal Age
12:57 Loom
15:44 Castle Age
14:42 Scale Mail Armor
15:33 Scale Barding Armor
22:23 Pikeman
25:43 Stone Mining
26:16 Fishing Lines
27:29 Chain Mail Armor
32:39 Imperial Age
31:08 Forging
33:04 Fletching
33:46 Conscription
36:08 Chemistry
36:20 Plate Mail Armor
36:26 Iron Casting
43:43 Light Cavalry
44:34 Bloodlines
44:24 Husbandry
44:47 Double-Bit Axe
44:56 Gold Mining
48:57 Gillnets
50:17 Heavy Camel Rider
54:03 Farimba
55:15 Capped Ram
Connection lost

Rejoining the realm…

Still unreachable

The connection could not be restored.

Session expired

The server has moved on; the page needs a fresh start.